 Dungeon Crawl Stone Soup version 0.31-a0-18-gea43df2a32 (webtiles) character file.

Game seed: 6745700599084746269

19 subawu the Conjurer (level 2, -3/20 HPs)
             Began as a Draconian Conjurer on May 9, 2023.
             Slain by a gnoll
             ... wielding a +0 halberd of protection
              (5 damage)
             ... on level 2 of the Dungeon.
             The game lasted 00:05:48 (1285 turns).

subawu the Conjurer (Draconian Conjurer)            Turns: 1285, Time: 00:05:49

Health: -3/20      AC:  4    Str:  9    XL:     2   Next: 55%
Magic:  1/5        EV: 12    Int: 18    God:
Gold:   144        SH:  0    Dex:  9    Spells: 1/5 levels left

rFire   . . .        b - +0 short sword
rCold   . . .        (no shield)
rNeg    . . .        (body armour unavailable)
rPois   .            (helmet restricted)
rElec   .            (no cloak)
rCorr   .            (no gloves)
SInv    .            (no boots)
Will    .....        (no amulet)
Stlth   ++           (no ring)
HPRegen 0.23/turn    (no ring)
MPRegen 0.09/turn

%: no passive effects
@: very slightly contaminated
A: AC +4, unfitting armour, cold-blooded
a: no special abilities


You were on level 2 of the Dungeon.
You visited 1 branch of the dungeon, and saw 2 of its levels.

You collected 144 gold pieces.

Inventory:

Hand Weapons
 b - a +0 short sword (weapon)
Missiles
 h - 9 stones
Scrolls
 e - a scroll of identify
 f - a scroll of noise {unknown}
Potions
 a - a potion of magic
 c - a potion of curing {unknown}
 d - a potion of heal wounds
 g - a potion of resistance {unknown}


   Skills:
 + Level 1.9 Dodging
 + Level 1.7 Stealth
 + Level 2.0 Spellcasting
 + Level 4.6 Conjurations


You had one spell level left.
You knew the following spells:

 Your Spells              Type           Power      Damage    Failure   Level
a - Magic Dart            Conj           72%        1d6       2%          1
b - Searing Ray           Conj           36%        2d5       4%          2
c - Kiss of Death         Conj/Necr      40%        2d8       7%          1

Your spell library contained the following spells:

 Spells                   Type           Power      Damage    Failure   Level
 Sandblast                Erth           2%         2d4       19%         1
 Dazzling Flash           Conj/Hex       20%        N/A       21%         3
 Stone Arrow              Conj/Erth      20%        3d8       21%         3
 Passwall                 Tmut/Erth      0%         N/A       26%         2
 Confusing Touch          Hex            1%         N/A       47%         3
 Gell's Gravitas          Tloc           1%         N/A       47%         3
 Teleport Other           Tloc           1%         N/A       47%         3
 Fulminant Prism          Conj/Hex       5%         3d7       56%         4
 Iskenderun's Mystic Bla  Conj/Tloc      10%        2d4       56%         4
 Dispel Undead            Necr           1%         3d6       87%         4
 Dispersal                Tloc           0%         N/A       100%        6


Dungeon Overview and Level Annotations

Branches:
Dungeon (2/15)

Altars:


Innate Abilities, Weirdness & Mutations

Your plain brown scales are hard. (AC +4)
You cannot fit into any form of body armour.
You are cold-blooded and may be slowed by cold attacks.


Message History

Press: ? - help, Shift-Dir - straight line, f - kobold
Aim: a kobold, wielding a +1 short sword of protection (100% to hit)
The magic dart hits the kobold.
You kill the kobold!
The quokka barely misses you. The rat barely misses you.
You hit the rat.
You kill the rat!
The quokka bites you. The gnoll closely misses you.
The quokka bites you but does no damage.
The gnoll hits you from afar with a +0 spear.
Casting: Magic Dart (safe; 2% risk of failure)
Confirm with . or Enter, or press ? or * to list all spells.
Aiming: Searing Ray (safe; 4% risk of failure)
Press: ? - help, Shift-Dir - straight line, f - gnoll
Aim: a gnoll, wielding a +0 flail (81% to hit)
The searing ray hits the gnoll.
The gnoll is moderately wounded.
The searing ray hits the gnoll.
The gnoll is moderately wounded. (Press . to maintain the ray.)
The quokka bites you but does no damage.
The gnoll hits you from afar with a +0 halberd of protection!
Ouch! That really hurt!
* * * LOW HITPOINT WARNING * * *
The gnoll barely misses you. The gnoll hits you with a +0 flail.
* * * LOW HITPOINT WARNING * * *
Casting: Searing Ray (safe; 4% risk of failure)
Confirm with . or Enter, or press ? or * to list all spells.
Aiming: Kiss of Death (safe; 7% risk of failure)
Press: ? - help, Shift-Dir - straight line, f/p - gnoll
Aim: a gnoll, wielding a +0 flail (moderately wounded, 100% to hit)
You miscast Kiss of Death.
You are very lightly contaminated with residual magic.
Nothing appears to happen.
The quokka bites you.
* * * LOW HITPOINT WARNING * * *
The gnoll misses you. The gnoll hits you but does no damage.
The quokka closely misses you.
A hobgoblin comes into view.
The gnoll hits you with a +0 halberd of protection.
You die...

..... ..#g
....##(.. ..# .?..
.... ..# #..##..
...#
#.[)..####....
####............
......gg.....#####
####..S@rg.......#
......).g.<.......
###############...


You could see 4 gnolls, a quokka, a hobgoblin and a ball python.

Vanquished Creatures
  4 bats (D:1)
  An endoplasm (D:1)
  A goblin (D:1)
  5 hobgoblins (D:1)
  A quokka (D:1)
  3 kobolds
  2 rats
17 creatures vanquished.

Notes
Turn   | Place    | Note
-------+----------+-------------------------------------------
     0 | D:1      | subawu the Draconian Conjurer began the quest for the Orb.
     0 | D:1      | Reached XP level 1. HP: 14/14 MP: 3/3
   487 | D:1      | Reached XP level 2. HP: 6/20 MP: 0/5
  1137 | D:1      | Learned a level 2 spell: Searing Ray
  1139 | D:1      | Learned a level 1 spell: Kiss of Death
  1285 | D:2      | Slain by a gnoll

Illustrated notes

Levels and vault maps discovered:
D:1:      psy_arrival_fountain, layout_basic, minmay_gold_behind_fungi
D:2:      layout_basic, hellmonk_ecumenical_altar_blasted

Action                     || total
---------------------------++-------
  Melee: Unarmed           ||    22
         Short sword       ||    21
         Tailslap          ||     5
   Cast: Magic Dart        ||    24
         Searing Ray       ||     1
    Use: Scroll            ||     2
 Armour: Skin              ||    16
  Dodge: Dodged            ||    55

Table legend: (Time is in decaauts)
 A = Elapsed time spent in this place.
 B = Non-inter-level travel time spent in this place.
 C = Inter-level travel time spent in this place.
 D = Time resting spent in this place.
 E = Time spent auto-exploring this place.
 F = Levels seen in this place.
 G = Mean time per level.
                   A        B        C        D        E       F      G
               +--------+--------+--------+--------+--------+-----+--------+
         Total |   1283 |   1253 |     30 |    307 |      0 |   2 |  641.5 |
       Dungeon |   1283 |   1253 |     30 |    307 |      0 |   2 |  641.5 |
               +--------+--------+--------+--------+--------+-----+--------+

Top non-repeatable levels by time:
     D:1: 1275 daAuts
     D:2: 7 daAuts
